 Dungeon Crawl Stone Soup version 0.24-a0-342-gad4687c37d (webtiles) character file.

Game seed: 16091161578751132571

292 mhoghedin the Grave Robber (level 6, 0/41 HPs)
             Began as a Mummy Necromancer on May 21, 2019.
             Slain by a phantom (5 damage)
             ... on level 4 of the Dungeon.
             The game lasted 00:06:32 (3593 turns).

mhoghedin the Grave Robber (Mummy Necromancer)      Turns: 3593, Time: 00:06:32

Health: 0/41       AC:  4    Str: 12    XL:     6   Next: 10%
Magic:  11/11      EV: 12    Int: 16    God:
Gold:   164        SH:  0    Dex: 12    Spells: 3/12 levels left

rFire    x . .     SeeInvis .   b - +3 hunting sling
rCold    + . .     Gourm    .   (no shield)
rNeg     + + +     Faith    .   k - +0 robe
rPois    ∞         Spirit   .   e - +0 helmet
rElec    .         Reflect  .   (no cloak)
rCorr    .         Harm     .   i - +0 pair of gloves
MR       .....                  (no boots)
Stlth    ++........             (no amulet)
HPRegen  0.13/turn              (no ring)
MPRegen  0.12/turn              (no ring)

@: no status effects
A: no food or potions, fire vulnerability, cold resistance 1, negative energy
resistance 3, torment resistance, unbreathing
a: no special abilities


You were on level 4 of the Dungeon.
You were not hungry.

You visited 1 branch of the dungeon, and saw 4 of its levels.

You collected 164 gold pieces.

Inventory:

Hand Weapons
 a - a +0 trident
   (You took it off an orc on level 3 of the Dungeon)
 b - a +3 hunting sling (weapon)
   (You took it off a goblin on level 4 of the Dungeon)
Missiles
 n - 44 stones (quivered)
Armour
 e - a +0 helmet (worn)
   (You found it on level 1 of the Dungeon)
 i - a +0 pair of gloves (worn)
   (You found it on level 2 of the Dungeon)
 k - a +0 robe (worn)
Wands
 c - a wand of disintegration (10)
   (You found it on level 3 of the Dungeon)
Scrolls
 d - 2 scrolls of amnesia
 f - 2 scrolls of immolation {!r}
 g - a scroll of noise {unknown}
 h - 2 scrolls of fog
 j - 5 scrolls of teleportation
 l - a scroll of random uselessness {unknown}
 m - a scroll of fear


   Skills:
 - Level 1.5 Dodging
 - Level 1.5 Stealth
 - Level 3.7 Spellcasting
 + Level 7.1 Necromancy


You had 3 spell levels left.
You knew the following spells:

 Your Spells              Type           Power        Failure   Level  Hunger
a - Pain                  Necr           ####         1%          1    N/A
b - Animate Dead          Necr           N/A          10%         4    N/A
x - Vampiric Draining     Necr           ####......   2%          3    N/A
A - Animate Skeleton      Necr           N/A          1%          1    N/A

Your spell library contained the following spells:

 Spells                   Type           Power        Failure   Level  Hunger
 Regeneration             Chrm/Necr      Unusable     N/A         3    N/A

Dungeon Overview and Level Annotations

Branches:
Dungeon (4/15)
 Temple: D:4-7

Altars:
Cheibriados

Annotations:
D:3 3 runed translucent doors, Tenar's ghost, amateur BaIE


Innate Abilities, Weirdness & Mutations

You do not eat or drink.
Your flesh is vulnerable to fire.
You are immune to poison.
Your flesh is cold resistant. (rC+)
You are immune to negative energy. (rN+++)
You are immune to unholy pain and torment.
You can survive without breathing.


Message History

You shoot a stone. The stone closely misses the phantom.
The phantom hits you.
The phantom blinks!
You take 4 damage, and have 29/41 hp.
Firing (i - inventory)
n - 63 stones (quivered)
Aim: a phantom (water, moderately damaged)
You shoot a stone.
The stone hits the phantom but does no damage.
You hear a splash.
Firing (i - inventory)
n - 62 stones (quivered)
Aim: a phantom (moderately damaged)
You shoot a stone. The stone barely misses the phantom.
You hear a splash.
Firing (i - inventory)
n - 61 stones (quivered)
Aim: a phantom (moderately damaged)
You shoot a stone. The stone barely misses the phantom.
You hear a splash.
The phantom barely misses you.
Firing (i - inventory)
n - 60 stones (quivered)
Aim: a phantom (moderately damaged)
You shoot a stone. The stone hits the phantom.
The phantom hits you.
The phantom hits you but does no damage.
You take 5 damage, and have 24/41 hp.
You are too injured to fight recklessly!
You are too injured to fight recklessly!
You are too injured to fight recklessly!
The phantom barely misses you.
Firing (i - inventory)
n - 59 stones (quivered)
Aim: a phantom (moderately damaged)
You shoot a stone. The stone barely misses the phantom.
The phantom barely misses you.
Firing (i - inventory)
n - 58 stones (quivered)
Aim: a phantom (moderately damaged)
You shoot a stone. The stone closely misses the phantom.
The phantom hits you.
The phantom blinks!
You take 5 damage, and have 20/41 hp.
Firing (i - inventory)
n - 57 stones (quivered)
Aim: a phantom (moderately damaged)
You shoot a stone. The stone barely misses the phantom.
You hear a splash.
Firing (i - inventory)
n - 56 stones (quivered)
Aim: a phantom (moderately damaged)
You shoot a stone. The stone misses the phantom.
You hear a splash.
The phantom hits you.
You take 4 damage, and have 16/41 hp.
Firing (i - inventory)
n - 55 stones (quivered)
Aim: a phantom (moderately damaged)
You shoot a stone. The stone barely misses the phantom.
You hear a splash.
The phantom closely misses you. The phantom completely misses you.
Firing (i - inventory)
n - 54 stones (quivered)
Aim: a phantom (moderately damaged)
You shoot a stone. The stone hits the phantom!
The phantom barely misses you.
Firing (i - inventory)
n - 53 stones (quivered)
Aim: a phantom (heavily damaged)
You shoot a stone.
The stone hits the phantom but does no damage.
The phantom hits you.
You take 1 damage, and have 16/41 hp.
Firing (i - inventory)
n - 52 stones (quivered)
Aim: a phantom (heavily damaged)
You shoot a stone.
The stone completely misses the phantom.
The phantom hits you.
* * * LOW HITPOINT WARNING * * *
You take 6 damage, and have 10/41 hp.
Firing (i - inventory)
n - 51 stones (quivered)
Aim: a phantom (heavily damaged)
You shoot a stone. The stone hits the phantom.
The phantom closely misses you.
Firing (i - inventory)
n - 50 stones (quivered)
Aim: a phantom (heavily damaged)
You shoot a stone. The stone barely misses the phantom.
You hear a splash.
The phantom hits you.
* * * LOW HITPOINT WARNING * * *
The phantom blinks!
You take 4 damage, and have 6/41 hp.
Unknown command.
Firing (i - inventory)
n - 49 stones (quivered)
Aim: a phantom (heavily damaged)
You shoot a stone. The stone closely misses the phantom.
Firing (i - inventory)
n - 48 stones (quivered)
Aim: a phantom (heavily damaged)
You shoot a stone. The stone hits the phantom.
The phantom barely misses you.
Firing (i - inventory)
n - 47 stones (quivered)
Aim: a phantom (severely damaged)
You shoot a stone. The stone hits the phantom.
The phantom hits you.
* * * LOW HITPOINT WARNING * * *
You take 1 damage, and have 5/41 hp.
Firing (i - inventory)
n - 46 stones (quivered)
Aim: a phantom (severely damaged)
You shoot a stone. The stone closely misses the phantom.
You hear a splash.
The phantom hits you but does no damage.
Firing (i - inventory)
n - 45 stones (quivered)
Aim: a phantom (severely damaged)
You shoot a stone.
The stone hits the phantom but does no damage.
The phantom hits you.
You die...

≈≈≈≈≈≈≈ ################
≈≈≈≈≈≈≈
≈≈≈≈≈≈≈≈≈≈≈≈≈≈≈#####≈≈≈≈≈≈≈
≈≈≈≈≈≈≈≈≈≈≈≈≈≈≈≈≈≈≈(≈≈≈≈≈≈≈
≈≈≈≈≈≈≈≈≈≈≈≈≈≈≈≈≈≈≈≈≈≈≈≈≈≈≈
≈(≈≈≈≈≈.≈≈≈≈.≈≈≈≈≈.(≈≈≈.≈≈≈
...................(.......
.......†........W..........
#.#..###.....#..@...(######
..........##...#######
###..####.##.### #..#
#.##.# ###..# #.##.# .##..#
#.##.# .##..# . #..# # ..#


You could see a phantom.

Vanquished Creatures
  An ogre (D:4)
  Jessica (D:3)
  A worker ant (D:4)
  4 adders
  3 worms
  5 dart slugs
  3 leopard geckos
  4 orcs
  A giant cockroach (D:1)
  15 goblins
  11 hobgoblins
  5 jackals (D:1)
  12 kobolds
  A quokka (D:2)
  6 bats
  6 frilled lizards
  11 rats
90 creatures vanquished.

Notes
Turn   | Place    | Note
-------+----------+-------------------------------------------
     0 | D:1      | mhoghedin the Mummy Necromancer began the quest for the
                  | Orb.
     0 | D:1      | Reached XP level 1. HP: 13/13 MP: 4/4
   144 | D:1      | HP: 3/13 [goblin/+0 dagger (2)]
   174 | D:1      | Reached skill level 3 in Spellcasting
   440 | D:1      | Reached XP level 2. HP: 18/19 MP: 3/6
   650 | D:1      | Learned a level 1 spell: Animate Skeleton
   726 | D:1      | Reached XP level 3. HP: 10/24 MP: 0/8
   918 | D:1      | Learned a level 3 spell: Vampiric Draining
  1480 | D:2      | Reached skill level 5 in Necromancy
  1529 | D:2      | Reached XP level 4. HP: 25/30 MP: 2/9
  1616 | D:2      | Found a faded altar of an unknown god.
  1684 | D:2      | Found a snail-covered altar of Cheibriados.
  2501 | D:3      | Found a runed translucent gate.
  2501 | D:3      | Found a runed translucent gate.
  2501 | D:3      | Found a runed translucent gate.
  2530 | D:3      | Noticed Tenar's ghost (amateur BaIE)
  2736 | D:3      | Noticed Jessica
  2740 | D:3      | Killed Jessica
  2740 | D:3      | Reached skill level 6 in Necromancy
  2740 | D:3      | Reached XP level 5. HP: 35/35 MP: 6/10
  3144 | D:4      | Noticed an ogre
  3167 | D:4      | Killed an ogre
  3177 | D:4      | Learned a level 4 spell: Animate Dead
  3207 | D:4      | Reached skill level 7 in Necromancy
  3207 | D:4      | Reached XP level 6. HP: 41/41 MP: 3/11
  3586 | D:4      | HP: 10/41 [phantom (6)]
  3591 | D:4      | HP: 5/41 [phantom (2)]
  3593 | D:4      | Slain by a phantom

Levels and vault maps discovered:
D:1:      minmay_arrival_hallway, layout_loops_ring,
          chequers_serial_rivers_marsh, minmay_vboxes
D:2:      minmay_skewed_foursquare, layout_rooms, kennysheep_slug_shrine,
          chequers_ecumenical_altar_island
D:3:      layout_basic, gammafunk_ghost_icy, first_ration, uniq_jessica
D:4:      minmay_goblin_kobold_castle, layout_loops_ring,
          ebering_ghost_inner_flame

Skill      XL: |  1  2  3  4  5 |
---------------+----------------+-----
Spellcasting   | 3 |  3.7
Necromancy     | 5 6 7 |  7.1
Dodging        | |  1.5
Stealth        | |  1.5

Action                   |  1- 3 |  4- 6 || total
-------------------------+-------+-------++-------
Melee: Spear             |    29 |     1 ||    30
 Fire: Hunting sling     |       |    27 ||    27
 Cast: Pain              |    68 |   100 ||   168
       Animate Skeleton  |    10 |    12 ||    22
  Use: Scroll            |     3 |     3 ||     6
Armor: Robe              |    11 |     7 ||    18
Dodge: Dodged            |    40 |    29 ||    69

Table legend:
 A = Non-vault XP
 B = Vault XP
 C = Vault XP percentage of total XP
 D = Non-vault monster count
 E = Vault monster count
 F = Vault count percentage of total count
                 A         B        C        D         E       F
            +---------+---------+-------+---------+---------+-------
      Total |     352 |      66 |  15.8 |      75 |      15 |  16.7
            +---------+---------+-------+---------+---------+-------
        D:1 |      48 |       8 |  14.3 |      26 |       5 |  16.1
        D:2 |      76 |      15 |  16.5 |      22 |       6 |  21.4
        D:3 |      53 |      37 |  41.1 |      21 |       1 |   4.5
        D:4 |     175 |       6 |   3.3 |       6 |       3 |  33.3
            +---------+---------+-------+---------+---------+-------

Levels and vault maps discovered:
D:1:      minmay_arrival_hallway, layout_loops_ring,
          chequers_serial_rivers_marsh, minmay_vboxes
D:2:      minmay_skewed_foursquare, layout_rooms, kennysheep_slug_shrine,
          chequers_ecumenical_altar_island
D:3:      layout_basic, gammafunk_ghost_icy, first_ration, uniq_jessica
D:4:      minmay_goblin_kobold_castle, layout_loops_ring,
          ebering_ghost_inner_flame

Table legend:
 A = Turns spent in this place as a percentage of turns spent in the entire game.
 B = Non-inter-level travel turns spent in this place as a percentage of non-inter-level travel turns spent in the entire game.
 C = Inter-level travel turns spent in this place as a percentage of turns spent in this place.
 D = Turns resting spent in this place as a percentage of non-inter-level travel turns spent in this place.
 E = Turns spent auto-exploring this place as a percentage of non-inter-level travel turns spent in this place.
 F = Non-inter-level travel turns spent in this place divided by the number of levels of this place that you've seen.
                   A       B       C       D       E      F
               +-------+-------+-------+-------+-------+----------------------
         Total | 100.0 | 100.0 |   1.8 |  26.9 |  50.7 | 882.0
       Dungeon | 100.0 | 100.0 |   1.8 |  26.9 |  50.7 | 882.0
               +-------+-------+-------+-------+-------+----------------------

Table legend:
 A = Kills in this place as a percentage of kills in entire the game.
 B = Kills by you in this place as a percentage of kills by you in the entire game.
 C = Kills by friends in this place as a percentage of kills by friends in the entire game.
 D = Other kills in this place as a percentage of other kills in the entire game.
 E = Experience gained in this place as a percentage of experience gained in the entire game.
 F = Experience gained in this place divided by the number of levels of this place that you have seen.
                   A       B       C       D       E      F
               +-------+-------+-------+-------+-------+----------------------
         Total | 100.0 | 100.0 |   N/A |   N/A | 100.0 | 104.5
       Dungeon | 100.0 | 100.0 |   N/A |   N/A | 100.0 | 104.5
               +-------+-------+-------+-------+-------+----------------------
